 Dungeon Crawl Stone Soup version 0.27.1-37-g7b29ead8ac (console) character file.

Game seed: 4262900908184410434

26 grimtooth the Cudgeller (level 2, -1/25 HPs)
             Began as a Palentonga Abyssal Knight on Mar 22, 2023.
             Was a Follower of Lugonu.
             Slain by Sigmund (5 damage)
             ... on level 2 of the Dungeon.
             The game lasted 00:04:16 (1652 turns).

grimtooth the Cudgeller (Palentonga Abyssal Knight) Turns: 1652, Time: 00:04:16

Health: -1/25      AC:  4    Str: 15    XL:     2   Next: 89%
Magic:  3/3        EV:  9    Int: 12    God:    Lugonu [*.....]
Gold:   98         SH:  0    Dex: 15    Spells: 1/1 levels left

rFire    . . .     SeeInvis +   a - +1 mace
rCold    . . .     Faith    .   (no shield)
rNeg     . . .     Spirit   .   b - +0 leather armour
rPois    .         Reflect  .   (no helmet)
rElec    .         Harm     .   (no cloak)
rCorr    .         Rampage  .   (no gloves)
Will     .....                  (no barding)
Stlth    +.........             (no amulet)
HPRegen  0.08/turn              g - +6 ring of dexterity
MPRegen  0.08/turn              (no ring)

@: no status effects
A: large, rugged brown scales 3, see invisible, deformed body, roll 1, armoured
tail
a: Rolling Charge, Renounce Religion, Depart the Abyss


You were on level 2 of the Dungeon.
You worshipped Lugonu.
Lugonu was aware of your devotion.
You visited 1 branch of the dungeon, and saw 2 of its levels.
You visited the Abyss 1 time.

You collected 98 gold pieces.

Inventory:

Hand Weapons
 a - a +1 mace (weapon)
Missiles
 d - 29 stones
Armour
 b - a +0 leather armour (worn)
Jewellery
 g - a +6 ring of dexterity (left hand)
Scrolls
 f - a scroll of magic mapping {unknown}
 h - a scroll of identify {unknown}
Potions
 c - 2 potions of cancellation {unknown}
 e - a potion of lignification {unknown}
 i - a potion of mutation {unknown}


   Skills:
 - Level 3.0 Fighting
 + Level 3.4 Maces & Flails
 - Level 1.5 Armour
 - Level 0.7 Dodging
 - Level 2.0 Invocations


You had one spell level left.
You didn't know any spells.
Your spell library contained the following spells:

 Spells                   Type           Power      Damage    Failure   Level
 Apportation              Tloc           0%         N/A       38%         1
 Slow                     Hex            0%         N/A       52%         2
 Confusing Touch          Hex            0%         N/A       77%         3
 Vampiric Draining        Necr           0%         2d6       77%         3
 Alistair's Intoxication  Tmut/Pois      0%         N/A       100%        5
 Invisibility             Hex            0%         N/A       100%        6


Dungeon Overview and Level Annotations

Branches:
Dungeon (2/15)

Altars:

Annotations:
D:2 Sigmund


Innate Abilities, Weirdness & Mutations

You are completely covered in rugged brown scales. (AC +3, +7% HP)
You have supernaturally acute eyesight. (SInv)
Armour fits poorly on your strangely shaped body.
You can roll at nearby foes to attack.
You have a long armoured tail.


Message History

You're too confused to move!
You feel less confused. Sigmund hits you but does no damage.
You closely miss Sigmund.
Sigmund is lightly wounded.
You completely miss Sigmund. You tail-slap Sigmund!
Sigmund is moderately wounded.
Sigmund barely misses you.
You closely miss Sigmund.
You tail-slap Sigmund, but do no damage.
Sigmund is moderately wounded.
Sigmund hits you with a +0 scythe!
Sigmund hits you from afar with a +0 scythe!
* * * LOW HITPOINT WARNING * * *
Roll where?
Press: ? - help, Dir - move target, f/p - Sigmund
Aim: Sigmund, wielding a +0 scythe and wearing a +2 robe of fire resistance (moderately wounded, slightly transparent)
You roll forward with a clatter of scales!
You hit Sigmund but do no damage.
Sigmund is moderately wounded.
Sigmund closely misses you.
Roll where?
Press: ? - help, Dir - move target, f/p - Sigmund
Aim: Sigmund, wielding a +0 scythe and wearing a +2 robe of fire resistance (moderately wounded, slightly transparent)
You roll forward with a clatter of scales!
You sock Sigmund!
Sigmund is heavily wounded.
Sigmund misses you.
You closely miss Sigmund.
Your tail-slap misses Sigmund.
Sigmund is heavily wounded.
Sigmund misses you.
You hit Sigmund but do no damage.
Sigmund is heavily wounded.
Sigmund misses you.
You closely miss Sigmund.
Sigmund is heavily wounded.
You hit Sigmund.
Sigmund is severely wounded.
Sigmund hits you with a +0 scythe.
You die...

#... ...# ..##
#..# #..##
#...#####
.#########+##
#.......#
(......@@...#
#.......#
#########...#
#.#.....#
##...####.#.....#
#....'....#.....#
#....#######....#
#.#### #..####
#.# #...... #.#
#...### #.#
##..#.. ..#
#.>#.. ### ####.#


You could see Sigmund (invisible).

Vanquished Creatures
  A ball python (D:1)
  4 endoplasms
  A giant cockroach (D:2)
  3 goblins
  4 hobgoblins (D:1)
  3 bats
  5 kobolds (D:1)
  A rat (D:1)
22 creatures vanquished.

Notes
Turn   | Place    | Note
-------+----------+-------------------------------------------
     0 | Abyss:1  | grimtooth the Palentonga Abyssal Knight began the quest for
                  | the Orb.
     0 | Abyss:1  | Reached XP level 1. HP: 19/19 MP: 2/2
   152 | Abyss:1  | Noticed an apocalypse crab
   164 | D:1      | Escaped the Abyss
   646 | D:1      | Reached XP level 2. HP: 25/25 MP: 3/3
  1542 | D:2      | Reached * piety under Lugonu
  1633 | D:2      | Noticed Sigmund
  1652 | D:2      | Slain by Sigmund

Illustrated notes

Levels and vault maps discovered:
D:1:      pf_arrival_petrified_forest, layout_basic, nrook_mini_vaults
D:2:      layout_basic, lexackson_kobold_supper, uniq_jessica, uniq_sigmund,
          uniq_terence

Skill      XL: |  1  2 |
---------------+-------+-----
Maces & Flails | 3 |  3.4
Fighting       | |  3.0
Armour         | |  1.5
Dodging        | |  0.7
Invocations    | |  2.0

Action                   || total
-------------------------++-------
Melee: Mace              ||    55
       Tailslap          ||     8
Invok: Depart the Abyss  ||     1
 Abil: Rolling Charge    ||    18
Armor: Leather armour    ||    12
Dodge: Dodged            ||    17
